 Dungeon Crawl Stone Soup version 0.30-a0-630-g881e3bac89 (webtiles) character file.

Game seed: 1733448219763083757

124 Bnni the Sneak (level 5, -4/27 HPs)
             Began as a Vine Stalker Brigand on Jan 12, 2023.
             Slain by a white imp (5 damage)
             ... summoned by Natasha
             ... on level 3 of the Dungeon on Jan 13, 2023.
             The game lasted 00:02:28 (2192 turns).

Bnni the Sneak (Vine Stalker Brigand)               Turns: 2192, Time: 00:02:28

Health: -4/27      AC:  7    Str: 14    XL:     5   Next: 8%
Magic:  0/6        EV: 10    Int: 11    God:
Gold:   101        SH:  0    Dex: 17    Spells: 4/4 levels left

rFire   . . .      SeeInvis .    a - +2 dagger
rCold   . . .      Faith    +    (no shield)
rNeg    . . .      Spirit   +    o - +0 ring mail
rPois   .          Reflect  .    (no helmet)
rElec   .          Harm     .    c - +0 cloak
rCorr   .          Rampage  .    (no gloves)
Will    .....                    m - +0 pair of boots
Stlth   +++                      i - amulet of faith
HPRegen 1.04/turn                (no ring)
MPRegen 0.10/turn                (no ring)

@: slowed, very slow
A: fangs 2, regeneration 1, magic shield, antimagic bite, no potion heal 2
a: no special abilities


You were on level 3 of the Dungeon.
You visited 1 branch of the dungeon, and saw 3 of its levels.

You collected 101 gold pieces.

Inventory:

Hand Weapons
 a - a +2 dagger (weapon)
Missiles
 d - 14 poisoned darts (quivered)
 e - 2 curare-tipped darts
Armour
 c - a +0 cloak (worn)
 m - a +0 pair of boots (worn)
 o - a +0 ring mail (worn)
Jewellery
 i - an amulet of faith (around neck)
Scrolls
 g - 2 scrolls of butterflies {unknown}
 k - 2 scrolls of identify {unknown}
 l - a scroll of amnesia {unknown}
Potions
 b - a potion of mutation {unknown}
 f - 2 potions of curing {unknown}
 h - a potion of berserk rage {unknown}
 j - 2 potions of haste {unknown}
 n - a potion of invisibility {unknown}
 p - a potion of heal wounds {unknown}


   Skills:
 + Level 2.7 Fighting
 * Level 3.4 Short Blades
 - Level 1.7 Throwing
 - Level 0.7 Dodging
 + Level 5.7 Stealth


You had 4 spell levels left.
You didn't know any spells.
Your spell library contained the following spells:

 Spells                   Type           Power      Damage    Failure   Level
 Scorch                   Fire           0%         2d5       73%         2
 Flame Wave               Conj/Fire      0%         2d4       100%        4
 Summon Cactus Giant      Summ           0%         N/A       100%        6


Dungeon Overview and Level Annotations

Branches:
Dungeon (3/15)

Altars:

Annotations:
D:3 Natasha


Innate Abilities, Weirdness & Mutations

You have extremely sharp teeth.
Your natural rate of healing is unusually fast.
When hurt, damage is shared between your health and your magic reserves.
Your bite disrupts and absorbs the magic of your enemies.
Potions cannot restore your health.


Message History

Natasha is heavily wounded.
The white imp hits you but does no damage.
You hit Natasha but do no damage. Your bite misses Natasha.
Natasha is heavily wounded.
Natasha casts a spell.
The white imp hits you but does no damage.
You barely miss Natasha. Your bite misses Natasha.
Natasha is heavily wounded.
Natasha's magic is no longer disrupted.
Natasha mumbles some strange words.
You hit Natasha. Your bite misses Natasha.
Natasha is severely wounded.
The white imp hits you but does no damage. x2
Natasha barely misses you.
You barely miss Natasha.
Natasha is severely wounded.
The shadow imp hits you. The white imp closely misses you.
The white imp gestures at you. The puff of frost hits you!
* * * LOW HITPOINT WARNING * * *
Natasha claws you.
* * * LOW HITPOINT WARNING * * *
You hit Natasha.
Natasha is almost dead.
The shadow imp hits you.
* * * LOW HITPOINT WARNING * * *
The white imp gestures at you. The puff of frost misses you.
The puff of frost hits the white imp.
The white imp resists.
The white imp hits you but does no damage.
Natasha casts a spell at you.
You feel yourself slow down.
You hit Natasha but do no damage. You bite Natasha, but do no damage.
Natasha is almost dead.
The shadow imp hits you.
* * * LOW HITPOINT WARNING * * *
The white imp hits you.
* * * LOW HITPOINT WARNING * * *
The white imp freezes you.
You die...

..........#..###.###..###.#
#.# ......#.## #.# #..# #.#
.. ..#...#.# ### #..# #.# #
..#...#.# #..# #.# ####..
... #..# #.# ...... ....
#..# #.# ####.
#...######..# #.# #
<#....55.....###.# ######
......h@.........# ......
.....###5........# ##.###
#.. .........###.# ..... #
..###.###.# #.# ...... #.#
#.# #.# ...... #.# #.# #.#
#..#.# #.# #.# #.# ......
#.. ..# #.# .....


You could see Natasha, 2 white imps and a shadow imp (summoned).

Vanquished Creatures
  An iguana (D:3)
  4 gnolls
  An adder (D:2)
  3 worms (D:2)
  A dart slug (D:1)
  6 endoplasms
  2 giant cockroaches
  3 hobgoblins
  3 jackals (D:2)
  A kobold (D:1)
  3 quokkas
  2 ball pythons
  2 bats (D:2)
  A frilled lizard (D:2)
  5 goblins
  3 rats
41 creatures vanquished.

Notes
Turn   | Place    | Note
-------+----------+-------------------------------------------
     0 | D:1      | Bnni the Vine Stalker Brigand began the quest for the Orb.
     0 | D:1      | Reached XP level 1. HP: 11/11 MP: 2/2
   248 | D:1      | Reached skill level 5 in Stealth
   248 | D:1      | Reached XP level 2. HP: 15/15 MP: 3/3
  1138 | D:2      | Reached XP level 3. HP: 16/18 MP: 4/4
  1620 | D:2      | Gained mutation: Your natural rate of healing is unusually
                  | fast. [Vine Stalker growth]
  1620 | D:2      | Reached XP level 4. HP: 6/23 MP: 1/5
  2080 | D:3      | Reached XP level 5. HP: 27/27 MP: 6/6
  2173 | D:3      | Noticed Natasha
  2192 | D:3      | HP: 1/27 [white imp[Natasha] (1)]
  2192 | D:3      | Slain by a white imp

Illustrated notes

Levels and vault maps discovered:
D:1:      wander_arrival_estate, layout_basic, serial_forest,
          infiniplex_forest_corner_1, infiniplex_forest_lined_corner,
          infiniplex_forest_corner_1, infiniplex_forest_clump_small,
          infiniplex_forest_corner_2, infiniplex_forest_corner_2,
          infiniplex_forest_lined_corner
D:2:      kb_forest_paths, layout_basic
D:3:      layout_basic, serial_shops, shop, shop, minmay_joined_circles,
          uniq_natasha

Skill      XL: |  1  2  3  4 |
---------------+-------------+-----
Short Blades   | 2 3 |  3.4
Stealth        | 5 |  5.7
Fighting       | 2 |  2.7
Throwing       | |  1.7
Dodging        | |  0.7

Action                   |  1- 3 |  4- 6 || total
-------------------------+-------+-------++-------
Melee: Dagger            |    75 |    49 ||   124
       Bite              |    16 |    17 ||    33
Throw: Dart              |     3 |       ||     3
 Stab: Sleeping          |    15 |     3 ||    18
Armor: Robe              |    12 |       ||    12
       Ring mail         |     6 |    15 ||    21
Dodge: Dodged            |    28 |    26 ||    54

Table legend: (Time is in decaauts)
 A = Elapsed time spent in this place.
 B = Non-inter-level travel time spent in this place.
 C = Inter-level travel time spent in this place.
 D = Time resting spent in this place.
 E = Time spent auto-exploring this place.
 F = Levels seen in this place.
 G = Mean time per level.
                   A        B        C        D        E       F      G
               +--------+--------+--------+--------+--------+-----+--------+
         Total |   2176 |   2121 |     55 |      7 |   1758 |   3 |  725.3 |
       Dungeon |   2176 |   2121 |     55 |      7 |   1758 |   3 |  725.3 |
               +--------+--------+--------+--------+--------+-----+--------+

Top non-repeatable levels by time:
     D:1: 1052 daAuts
     D:2: 836 daAuts
     D:3: 287 daAuts
